 Dungeon Crawl Stone Soup version 0.29-a0-473-gacb4ef3bc5 (webtiles) character file.

Game seed: 6352183159500675015

113 CrazyBamboolord the Scratcher (level 4, 0/28 HPs)
             Began as a Felid Transmuter on May 23, 2022.
             Succumbed to an orc wizard's poison
             ... on level 3 of the Dungeon.
             The game lasted 00:07:07 (4514 turns).

CrazyBamboolord the Scratcher (Felid Transmuter)    Turns: 4514, Time: 00:07:07

Health: 0/28       AC: 22    Str:  6    XL:     4   Next: 65%
Magic:  7/9        EV:  4    Int: 14    God:
Gold:   49         SH:  0    Dex: 19    Spells: 3/9 levels left
                                        Lives:  0   Deaths: 1

rFire   . . .      SeeInvis +     - Unarmed
rCold   . . .      Faith    .   (shield unavailable)
rNeg    . . .      Spirit   .   (body armour unavailable)
rPois   +          Reflect  .   (helmet unavailable)
rElec   .          Harm     .   (cloak unavailable)
rCorr   .          Rampage  .   (gloves unavailable)
Will    .....      NoTele   +   (boots unavailable)
Stlth   ++........              (no amulet)
HPRegen 0.09/turn               (no ring)
MPRegen 0.11/turn               (no ring)

@: lethally poisoned (0 -> -3), tree-form, wereblooded, hasted, very quick
A: stationary, stasis, torment immunity, boosted hp, very small, (claws 1),
(fangs 3), see invisible, (speed 1), (shaggy fur 1), (stealthy paws), no weapons
or thrown items, no armour, multi-lived
a: no special abilities


You were on level 3 of the Dungeon.
You were a tree.
You visited 1 branch of the dungeon, and saw 4 of its levels.

You collected 103 gold pieces.
You spent 54 gold pieces at shops.

Inventory:

Jewellery
 k - an amulet of reflection
Scrolls
 b - 2 scrolls of teleportation
 d - a scroll of blinking
 f - a scroll of amnesia
 g - a scroll of magic mapping {unknown}
 h - a scroll of fear {unknown}
 i - 2 scrolls of fog
 j - a scroll of poison {unknown}
 l - a scroll of vulnerability {unknown}
Potions
 c - a potion of haste


   Skills:
 * Level 1.6 Fighting
 * Level 3.7 Dodging
 * Level 4.2 Unarmed Combat
 * Level 3.0 Spellcasting
 * Level 3.4 Transmutations
 * Level 0.9 Poison Magic


You had 3 spell levels left.
You knew the following spells:

 Your Spells              Type           Power      Damage    Failure   Level
a - Beastly Appendage     Tmut           22%        N/A       5%          1
b - Wereblood             Tmut           11%        N/A       8%          2
c - Spider Form           Tmut/Pois      8%         N/A       26%         3

Your spell library contained the following spells:

 Spells                   Type           Power      Damage    Failure   Level
 Apportation              Tloc           4%         N/A       22%         1
 Necrotize                Necr           8%         1d4       22%         1
 Summon Small Mammal      Summ           8%         N/A       22%         1
 Ignite Poison            Fire/Tmut/Pois 6%         N/A       34%         3
 Conjure Flame            Conj/Fire      2%         6-21      54%         3
 Ice Form                 Ice/Tmut       6%         N/A       71%         4
 Sticky Flame             Conj/Fire      2%         2d3       91%         4
 Iskenderun's Battlesphe  Conj           2%         2d6       99%         5
 Iron Shot                Conj/Erth      1%         9d1       100%        6
 Spellforged Servitor     Conj/Summ      1%         N/A       100%        7


Dungeon Overview and Level Annotations

Branches:
Dungeon (4/15)
 Temple: D:4-7

Altars:

Shops:
D:2 *   D:3 *


Innate Abilities, Weirdness & Mutations

You are a tree.
Your roots penetrate the ground, keeping you stationary.
You cannot be teleported.
You are immune to unholy pain and torment.
Your maximum health is greatly increased.
((You have sharp claws.))
((You have razor-sharp teeth.))
You have supernaturally acute eyesight. (SInv)
((You cover ground quickly. (Speed+)))
((You are covered in fur. (AC +1)))
((Your paws help you pounce on unaware monsters.))
You are incapable of wielding weapons or throwing items.
You cannot wear armour.
You gain extra lives every three experience levels.


Message History

You grow a pair of large bovine horns.
Casting: Beastly Appendage (safe; 5% risk of failure)
Confirm with . or Enter, or press ? or * to list all spells.
Your blood is infused with primal strength.
The orc wizard hits you with a +2 dagger of venom.
You are lethally poisoned!
You scratch the orc wizard. Your headbutt misses the orc wizard.
The orc wizard is moderately wounded.
You feel very sick. The orc wizard misses you.
You claw the orc wizard!
The orc wizard is severely wounded.
You feel very sick.
You feel sick.
The orc wizard points at you and mumbles some strange words.
The magic dart hits you.
* * * LOW HITPOINT WARNING * * *
Really quaff the potion of lignification?
Your horns disappear.
You turn into a tree.
Your roots penetrate the ground.
* * * LOW HITPOINT WARNING * * *
You feel sick.
You smack the orc wizard!
You feel a bit better.
You kill the orc wizard!
You creak as the wereblood boils in your veins!
* * * LOW HITPOINT WARNING * * *
You feel sick.
Your Spellcasting skill increases to level 3!
You feel yourself speed up.
* * * LOW HITPOINT WARNING * * *
You feel sick.
As you read the scroll labelled DUMECO JEOROIB, it crumbles to dust.
It is a scroll of amnesia.
Okay, then.
* * * LOW HITPOINT WARNING * * *
You feel sick.
As you read the scroll labelled XYVIMIA TUOD, it crumbles to dust.
It is a scroll of enchant weapon.
You aren't carrying any weapons that can be enchanted.
You die...

##†#.## ##.###.##
###########.## ##.##
#..........## ##.#
#.#########.## ##.##
###.####### ##.###.#.##
......).... ##.#.#...##
###.######.#####.#.....##
###.## #......♣.......#
##.#.## #......)#.....##
#.###.## ##.####.##...##
.## ##.# # ##.###.##
#.###.#####.# #..# #.#
#..#........# #..# #.#
#.#.######### #..# #.#
#.####### #..# #.#
........# ##..###.######


There were no monsters in sight!

Vanquished Creatures
  A phantom (D:4)
  An orc wizard (D:3)
  2 adders
  A worm (D:2)
  A dart slug (D:3)
  3 orcs
  2 bats (D:1)
  5 endoplasms
  2 giant cockroaches (D:1)
  9 goblins
  10 hobgoblins
  4 jackals (D:2)
  6 kobolds
  2 quokkas
  11 ball pythons
  4 frilled lizards
  3 rats
  A bush (D:2)
68 creatures vanquished.

Vanquished Creatures (others)
  10 plants (D:2)
10 creatures vanquished.

Grand Total: 78 creatures vanquished

Notes
Turn   | Place    | Note
-------+----------+-------------------------------------------
     0 | D:1      | CrazyBamboolord the Felid Transmuter began the quest for
                  | the Orb.
     0 | D:1      | Reached XP level 1. HP: 9/9 MP: 4/4
   109 | D:1      | Reached XP level 2. HP: 11/12 MP: 4/6
   329 | D:1      | Learned a level 2 spell: Wereblood
   712 | D:1      | Reached XP level 3. HP: 8/15 MP: 7/7
  1549 | D:2      | Found Pevemerux's General Store.
  1592 | D:2      | Found a faded altar of an unknown god.
  2075 | D:2      | Learned a level 3 spell: Spider Form
  2861 | D:3      | Reached XP level 4. HP: 19/19 MP: 6/8
  3145 | D:3      | You fall into a shaft and drop 1 floor!
  3193 | D:4      | Noticed a phantom
  3210 | D:4      | Killed a phantom
  3211 | D:4      | Reached skill level 4 in Unarmed Combat
  3211 | D:4      | Reached XP level 5. HP: 11/22 MP: 8/10
  3477 | D:3      | Found Xohosargh's Assorted Antiques.
  3482 | D:3      | Bought a scroll labelled WURIFA OXKEHYSY for 27 gold pieces
  3528 | D:3      | Bought a scroll labelled WURIFA OXKEHYSY for 27 gold pieces
  3784 | D:3      | Succumbed to an orc wizard's poison
  3785 | D:3      | Reached XP level 4. HP: 0/19 MP: 9/9
  4513 | D:3      | HP: 1/28 [poisoned by an orc wizard]
  4514 | D:3      | Succumbed to an orc wizard's poison

Illustrated notes

Levels and vault maps discovered:
D:1:      minmay_arrival_four_circles, layout_basic
D:2:      layout_basic, serial_forest, infiniplex_forest_end_1,
          infiniplex_forest_join, infiniplex_forest_clump_small,
          infiniplex_forest_lined_1, infiniplex_forest_straight_2, serial_shops,
          shop, nicolae_ecumenical_snake_handling
D:3:      kennysheep_big_flooded_room, layout_loops_ring, serial_shops,
          shop_statue
D:4:      layout_loops_ring, nicolae_dithmenos_shadow_blocks, led_xom_imps,
          uniq_ijyb

Skill      XL: |  1  2  3  4 |
---------------+-------------+-----
Dodging        | 3 |  3.7
Transmutations | 3 |  3.4
Unarmed Combat | 4 |  4.2
Spellcasting   | 3 |  3.0
Fighting       | |  1.6
Poison Magic   | |  0.9

Action                   |  1- 3 |  4- 6 || total
-------------------------+-------+-------++-------
Melee: Unarmed           |   274 |    63 ||   337
       Headbutt          |    24 |    12 ||    36
       Bite              |    33 |     4 ||    37
       Punch             |     9 |     3 ||    12
 Cast: Beastly Appendage |    28 |    15 ||    43
       Wereblood         |       |     1 ||     1
  Use: Scroll            |     3 |     3 ||     6
       Potion            |       |     2 ||     2
 Stab: Sleeping          |     3 |       ||     3
Armor: Skin              |     4 |     4 ||     8
Dodge: Dodged            |    74 |    44 ||   118

Table legend: (Time is in decaauts)
 A = Elapsed time spent in this place.
 B = Non-inter-level travel time spent in this place.
 C = Inter-level travel time spent in this place.
 D = Time resting spent in this place.
 E = Time spent auto-exploring this place.
 F = Levels seen in this place.
 G = Mean time per level.
                   A        B        C        D        E       F      G
               +--------+--------+--------+--------+--------+-----+--------+
         Total |   4086 |   3974 |    112 |    832 |   2476 |   4 | 1021.5 |
       Dungeon |   4086 |   3974 |    112 |    832 |   2476 |   4 | 1021.5 |
               +--------+--------+--------+--------+--------+-----+--------+

Top non-repeatable levels by time:
     D:2: 1755 daAuts
     D:1: 1225 daAuts
     D:3: 857 daAuts
     D:4: 247 daAuts
